AoeStats
← Dragon

Arena

504536223Analyzed
1v1 RM · 27d ago on Sep 5, 2026· 36m 50s· 2 players
Game mode
Random Map
Map size
Tiny (2 player)
Population
200
Speed
Normal
Resources
Standard
Victory
Conquest
Starting age
Dark Age
Ending age
Imperial Age
RankedLock teamsTeams togetherTeam positionsShared explorationLock speedFull tech treeHidden civsTurbo modeCheats
Victory
Defeat
🇩🇪 Bohemians · Germany
1225
+17
🇫🇷 Franks · France
1238
-17
Dragon
7:28 Loom
12:09 Feudal Age
16:35 Castle Age
15:08 Double-Bit Axe
15:49 Horse Collar
21:09 Fervor
23:56 Imperial Age
24:37 Chemistry
26:11 Bow Saw
28:34 Padded Archer Armor
drmmayans
10:14 Feudal Age
10:42 Loom
14:37 Castle Age
14:37 Double-Bit Axe
14:46 Fletching
19:18 Gold Mining
23:39 Gold Shaft Mining
27:58 Imperial Age
28:20 Bow Saw
28:24 Scale Barding Armor
29:39 Forging
31:33 Stone Mining
32:31 Elite Skirmisher
Connection lost

Rejoining the realm…

Still unreachable

The connection could not be restored.

Session expired

The server has moved on; the page needs a fresh start.